 Dungeon Crawl Stone Soup version 0.27.1 (webtiles) character file.

Game seed: 14336658268097412232

72 ZenoRockbell the Covered (level 3, -2/46 HPs)
             Began as a Demigod Fighter on Aug 19, 2021.
             Slain by an iguana (9 damage)
             ... on level 4 of the Dungeon on Aug 31, 2021.
             The game lasted 00:09:33 (2818 turns).

ZenoRockbell the Covered (Demigod Fighter)          Turns: 2818, Time: 00:09:34

Health: -2/46      AC: 21    Str: 21    XL:     3   Next: 82%
Magic:  5/5        EV:  2    Int: 10    God:
Gold:   11         SH: 10    Dex: 19    Spells: 2/2 levels left

rFire    . . .     SeeInvis .   a - +1 long sword (vorpal)
rCold    . . .     Faith    .   c - +0 kite shield
rNeg     + + +     Spirit   .   (armour currently unavailable)
rPois    +         Reflect  .   (helmet currently unavailable)
rElec    .         Harm     .   (cloak currently unavailable)
rCorr    .         Rampage  .   (gloves currently unavailable)
Will     .....     NoTele   +   (boots currently unavailable)
Stlth    ++........             (no amulet)
HPRegen  0.15/turn              f - +6 ring of dexterity
MPRegen  0.09/turn              j - ring of positive energy

@: lethally poisoned (-2 -> -6), tree-form
A: stationary, stasis, torment immunity, boosted hp, high mp 1, forlorn
a: no special abilities


You were on level 4 of the Dungeon.
You were a tree.
You visited 1 branch of the dungeon, and saw 4 of its levels.

You collected 11 gold pieces.

Inventory:

Hand Weapons
 a - a +1 vorpal long sword (weapon)
Armour
 b - a +0 scale mail (melded)
 c - a +0 kite shield (worn)
Jewellery
 f - a +6 ring of dexterity (left branch)
 j - a ring of positive energy (right branch)
Scrolls
 k - a scroll of noise
Potions
 d - 2 potions of might
 g - a potion of heal wounds {unknown}
 h - a potion of lignification
 i - a potion of ambrosia {unknown}


   Skills:
 * Level 3.0 Fighting
 * Level 2.7 Long Blades
 * Level 3.3 Armour
 * Level 0.2 Dodging
 * Level 3.0 Shields


You had 2 spell levels left.
You didn't know any spells.
Your spell library contained the following spells:

 Spells                   Type           Power      Damage    Failure   Level
 Beastly Appendage        Tmut           0%         N/A       87%         1
 Wereblood                Tmut           0%         N/A       95%         2
 Spider Form              Tmut/Pois      0%         N/A       99%         3
 Cause Fear               Hex            0%         N/A       100%        4
 Dragon Form              Tmut           0%         N/A       100%        7
 Dragon's Call            Summ           0%         N/A       100%        9


Dungeon Overview and Level Annotations

Branches:
Dungeon (4/15)
 Temple: D:4-7


Innate Abilities, Weirdness & Mutations

You are a tree.
Your roots penetrate the ground, keeping you stationary.
You cannot be teleported.
You are immune to unholy pain and torment.
Your maximum health is greatly increased.
Your equipment is partially melded.
Your attributes grow dramatically as you level up.
You have an increased reservoir of magic. (+10% MP)
You shall have no god before yourself.


Message History

You see here a hobgoblin corpse.
You open the door.
There is an open door here.
There is a stone staircase leading down here.
You climb downwards.
The adder hisses angrily.
The iguana hisses angrily.
The kobold shouts!
Found three items.
There is a stone staircase leading up here.
You block the kobold's attack.
You slash the kobold!
You kill the kobold!
The adder closely misses you.
Things that are here:
a +0 club; 4 stones
Found 11 gold pieces.
You block the adder's attack.
You see here a potion of might.
d - 2 potions of might (gained 1)
You block the adder's attack. The adder closely misses you.
The iguana bites you! The adder bites you but does no damage.
You hit the adder but do no damage. The adder bites you but does no damage.
You block the iguana's attack. The adder bites you. The iguana bites you!
* * * LOW HITPOINT WARNING * * *
Your shield prevents you from hitting the adder.
You block the adder's attack. The iguana closely misses you.
The adder bites you.
* * * LOW HITPOINT WARNING * * *
You are poisoned.
The adder poisons you!
You turn into a tree.
Your +0 scale mail melds into your body.
Your roots penetrate the ground.
You feel sick.
The iguana bites you but does no damage.
The adder bites you but does no damage.
You barely miss the adder.
You feel sick. You block the adder's attack. The iguana bites you.
* * * LOW HITPOINT WARNING * * *
The adder bites you but does no damage. The iguana bites you!
You die...

######...######
...........?...
...........
.?..... #...#
#.<.# #...# #
#.lS##$#.#
#..♣.....#
#...##.#.#
##### #


You could see an iguana and an adder.

Vanquished Creatures
  An adder (D:2)
  2 dart slugs
  2 orcs (D:3)
  2 ball pythons (D:1)
  4 endoplasms
  A giant cockroach (D:1)
  3 hobgoblins
  2 jackals (D:3)
  2 quokkas (D:3)
  7 bats
  A frilled lizard (D:2)
  5 goblins
  7 kobolds
  22 rats
61 creatures vanquished.

Notes
Turn   | Place    | Note
-------+----------+-------------------------------------------
     0 | D:1      | ZenoRockbell the Demigod Fighter began the quest for the
                  | Orb.
     0 | D:1      | Reached XP level 1. HP: 18/18 MP: 3/3
   434 | D:1      | Reached XP level 2. HP: 13/25 MP: 4/4
  1200 | D:2      | Upgraded the game from 0.27.0-66-gdc8fb28755 to 0.27.1
  1532 | D:2      | Reached XP level 3. HP: 24/31 MP: 5/5
  2818 | D:4      | Slain by an iguana

Illustrated notes

Levels and vault maps discovered:
D:1:      dpeg_arrival_long_road, layout_basic, chequers_mini_garden
D:2:      layout_basic, basic_ecumenical_altar, basic_altar,
          mrwooster_statue_mirror
D:3:      layout_basic, minmay_rat_hole
D:4:      layout_loops_cross, lemuel_coloured_pillars_altar,
          minmay_temple_entry_mist

Skill      XL: |  1  2  3 |
---------------+----------+-----
Long Blades    | 2 |  2.7
Armour         | 3 |  3.3
Fighting       | 3 |  3.0
Shields        | 3 |  3.0
Dodging        | |  0.2

Action                   || total
-------------------------++-------
Melee: Long sword        ||   147
  Use: Scroll            ||     7
       Potion            ||     2
Armor: Scale mail        ||    78
       Skin              ||     3
Dodge: Dodged            ||    59
Block: Kite shield       ||    90
       Rpst.: Long sword ||    20
